 Dungeon Crawl Stone Soup version 0.30-a0-777-ga9a30cbeda (console) character file.

Game seed: 2951139053926845451

34 rlgrobin the Insei (level 3, -2/29 HPs)
             Began as a Mummy Monk on Feb 15, 2023.
             Slain by a quokka (4 damage)
             ... on level 2 of the Dungeon.
             The game lasted 00:02:22 (1361 turns).

rlgrobin the Insei (Mummy Monk)                     Turns: 1361, Time: 00:02:23

Health: -2/29      AC:  0    Str: 14    XL:     3   Next: 14%
Magic:  3/3        EV: 12    Int:  9    God:
Gold:   51         SH:  0    Dex: 16    Spells: 2/2 levels left

rFire   x . .      SeeInvis .      - Unarmed
rCold   + . .      Faith    +    (no shield)
rNeg    + + +      Spirit   .    (no body armour)
rPois   ∞          Reflect  .    (no helmet)
rElec   .          Harm     .    (no cloak)
rCorr   .          Rampage  .    (no gloves)
Will    .....                    (no boots)
Stlth   ++                       (no amulet)
HPRegen 0.24/turn                (no ring)
MPRegen 0.08/turn                (no ring)

@: no status effects
A: cold resistance 1, negative energy resistance 3, torment resistance 2, heat
vulnerability 1, in touch with death 1, no potions, faith
a: no special abilities


You were on level 2 of the Dungeon.
You visited 1 branch of the dungeon, and saw 2 of its levels.

You collected 84 gold pieces.
You spent 33 gold pieces at shops.

Inventory:

Scrolls
 a - a scroll of blinking {unknown}
 b - 4 scrolls of teleportation
 c - 2 scrolls of identify {unknown}


   Skills:
 - Level 3.0 Fighting
 - Level 2.4 Dodging
 - Level 2.1 Stealth
 + Level 3.3 Unarmed Combat


You had 2 spell levels left.
You didn't know any spells.
Your spell library contained the following spells:

 Spells                   Type           Power      Damage    Failure   Level
 Freeze                   Ice            0%         1d3       38%         1
 Frozen Ramparts          Ice            0%         1d1       77%         3
 Hailstorm                Conj/Ice       0%         3d3       77%         3


Dungeon Overview and Level Annotations

Branches:
Dungeon (2/15)

Altars:

Shops:
D:1 *


Innate Abilities, Weirdness & Mutations

You are immune to poison.
Your flesh is cold resistant. (rC+)
You are immune to negative energy. (rN+++)
You are immune to unholy pain and torment.
You are vulnerable to heat. (rF-)
You are in touch with the powers of death.
You do not drink.
You have a special connection with the divine. (Faith)


Message History

You kill the kobold!
You barely miss the kobold. The kobold completely misses you.
You closely miss the kobold. The kobold hits you with a +0 whip.
You hit the kobold.
You kill the kobold!
Items here: ! ( ))))).
You start resting.
A quokka comes into view.
Items here: ! ( ))))).
You start resting.
A kobold is nearby!
Items here: ! ( ))))).
You start resting.
A quokka is nearby!
The quokka misses you.
You closely miss the quokka. The quokka bites you.
You closely miss the quokka. The quokka bites you.
You hit the quokka but do no damage. The quokka bites you.
You are too injured to fight recklessly!
You miss the quokka. The quokka barely misses you.
You hit the quokka.
The quokka is heavily wounded.
The quokka misses you. The quokka bites you.
You barely miss the quokka.
The quokka is heavily wounded.
The quokka bites you.
* * * LOW HITPOINT WARNING * * *
You closely miss the quokka.
The quokka is heavily wounded.
The quokka bites you.
* * * LOW HITPOINT WARNING * * *
You miss the quokka.
The quokka is heavily wounded.
The quokka twitches its whiskers.
The quokka bites you.
* * * LOW HITPOINT WARNING * * *
You miss the quokka.
The quokka is heavily wounded.
The quokka bites you.
You die...

### .... #.##..[..
######.'......
...#..'..K...
######.#..'....KK
#.........##....!
#.####)#### ....
#.##### ### #...@r##
###
####...###.##########
#.#..........#....
#...#.#####.####..
##.##.# #.# #..
...##.# #.# #..
##..##.# #.# #..
#..##.#####.####.>
#..##.......(.....


You could see a quokka.

Vanquished Creatures
  A dart slug (D:2)
  4 bats (D:1)
  3 endoplasms (D:1)
  A giant cockroach (D:1)
  A goblin (D:1)
  A hobgoblin (D:1)
  3 jackals (D:1)
  2 ball pythons
  2 frilled lizards
  8 kobolds
  3 rats (D:1)
29 creatures vanquished.

Vanquished Creatures (others)
  11 toadstools (D:2)
11 creatures vanquished.

Grand Total: 40 creatures vanquished

Notes
Turn   | Place    | Note
-------+----------+-------------------------------------------
     0 | D:1      | rlgrobin the Mummy Monk began the quest for the Orb.
     0 | D:1      | Reached XP level 1. HP: 18/18 MP: 1/1
   184 | D:1      | Reached XP level 2. HP: 4/24 MP: 2/2
   813 | D:1      | Found Itetiddo's General Store.
   843 | D:1      | Bought a scroll of teleportation for 33 gold pieces
  1254 | D:2      | Gained mutation: You are in touch with the powers of death.
                  | [Mummy growth]
  1254 | D:2      | Reached XP level 3. HP: 24/29 MP: 3/3
  1361 | D:2      | Slain by a quokka

Illustrated notes

Levels and vault maps discovered:
D:1:      tarquinn_simple_flora_water_b, layout_basic, serial_shops, shop
D:2:      cheibrodos_fertilizer, layout_loops_ring, serial_shops,
          nicolae_shop_overgrown_old_shop, roderic_nine_men_s_morris,
          grunt_decor_one_mirror, uniq_terence

Skill      XL: |  1  2 |
---------------+-------+-----
Stealth        | 2 |  2.1
Unarmed Combat | 3 |  3.3
Fighting       | |  3.0
Dodging        | |  2.4

Action                     || total
---------------------------++-------
  Melee: Unarmed           ||   126
         Punch             ||     3
   Stab: Sleeping          ||     6
  Dodge: Dodged            ||    80

Table legend: (Time is in decaauts)
 A = Elapsed time spent in this place.
 B = Non-inter-level travel time spent in this place.
 C = Inter-level travel time spent in this place.
 D = Time resting spent in this place.
 E = Time spent auto-exploring this place.
 F = Levels seen in this place.
 G = Mean time per level.
                   A        B        C        D        E       F      G
               +--------+--------+--------+--------+--------+-----+--------+
         Total |   1354 |   1342 |     12 |    280 |    735 |   2 |  677.0 |
       Dungeon |   1354 |   1342 |     12 |    280 |    735 |   2 |  677.0 |
               +--------+--------+--------+--------+--------+-----+--------+

Top non-repeatable levels by time:
     D:1: 1104 daAuts
     D:2: 250 daAuts
